 Dungeon Crawl Stone Soup version 0.30-a0-457-g4b7bca3bfa (webtiles) character file.

Game seed: 2363329853482568728

46 funkygono the Firebug (level 3, -4/24 HPs)
             Began as a Demonspawn Fire Elementalist on Dec 12, 2022.
             Slain by Sigmund
             ... wielding a +0 vampiric scythe
              (11 damage)
             ... on level 2 of the Dungeon.
             The game lasted 00:02:13 (1838 turns).

funkygono the Firebug (DsFE)                        Turns: 1838, Time: 00:02:14

Health: -4/24      AC:  2    Str:  8    XL:     3   Next: 46%
Magic:  1/6        EV: 12    Int: 18    God:
Gold:   129        SH:  0    Dex: 15    Spells: 3/6 levels left

rFire   . . .      SeeInvis .    c - +0 club
rCold   . . .      Faith    .    (no shield)
rNeg    . . .      Spirit   .    a - +0 robe
rPois   .          Reflect  .    (no helmet)
rElec   .          Harm     .    (no cloak)
rCorr   .          Rampage  .    (no gloves)
Will    .....                    (no boots)
Stlth   +++.......               (no amulet)
HPRegen 0.24/turn                (no ring)
MPRegen 0.10/turn                (no ring)

@: very slightly contaminated
A: thin skeletal structure 1
a: no special abilities


You were on level 2 of the Dungeon.
You visited 1 branch of the dungeon, and saw 2 of its levels.

You collected 129 gold pieces.

Inventory:

Hand Weapons
 c - a +0 club (weapon)
Armour
 a - a +0 robe (worn)
Jewellery
 d - a ring of fire
Scrolls
 e - 3 scrolls of fog {unknown}
 g - a scroll of noise {unknown}
Potions
 b - a potion of magic
 f - 2 potions of resistance {unknown}


   Skills:
 + Level 0.1 Maces & Flails
 + Level 1.9 Dodging
 - Level 1.7 Stealth
 + Level 2.4 Spellcasting
 + Level 1.4 Conjurations
 + Level 3.6 Fire Magic


You had 3 spell levels left.
You knew the following spells:

 Your Spells              Type           Power      Damage    Failure   Level
a - Foxfire               Conj/Fire      44%        2x1d6     6%          1
b - Scorch                Fire           30%        2d7       6%          2

Your spell library contained the following spells:

 Spells                   Type           Power      Damage    Failure   Level
 Inner Flame              Hex/Fire       8%         N/A       26%         3
 Kindle Blastsparks       Fire/Tloc/Air  12%        2d11      32%         3
 Flame Wave               Conj/Fire      11%        2d6       52%         4
 Summon Forest            Summ/Tloc      1%         N/A       99%         5
 Summon Mana Viper        Hex/Summ       2%         N/A       99%         5
 Summon Cactus Giant      Summ           1%         N/A       100%        6


Dungeon Overview and Level Annotations

Branches:
Dungeon (2/15)

Altars:

Annotations:
D:2 Sigmund


Innate Abilities, Weirdness & Mutations

You have a somewhat thin skeletal structure. (Dex +2, Stealth+)


Message History

You now have 129 gold pieces (gained 18).
Found an escape hatch in the floor.
Sigmund the Dreaded comes into view.
He is wielding a +0 vampiric scythe.
Sigmund shouts!
Sigmund gestures wildly while chanting.
Sigmund flickers and vanishes!
Deactivating autopickup; reactivate with Ctrl-A.
An adder comes into view.
Casting: Foxfire (safe; 6% risk of failure)
Confirm with . or Enter, or press ? or * to list all spells.
You conjure some foxfire!
Casting: Foxfire (safe; 6% risk of failure)
Confirm with . or Enter, or press ? or * to list all spells.
There is not enough space to conjure foxfire!
The foxfire hits something. x2
Casting: Foxfire (safe; 6% risk of failure)
Confirm with . or Enter, or press ? or * to list all spells.
You conjure some foxfire!
Something hits you but does no damage.
The foxfire hits something.
The foxfire hits something but does no damage.
Casting: Foxfire (safe; 6% risk of failure)
Confirm with . or Enter, or press ? or * to list all spells.
You miscast Foxfire.
You are very lightly contaminated with residual magic.
Nothing appears to happen.
A magic dart appears from out of thin air!
The magic dart hits you.
Casting: Foxfire (safe; 6% risk of failure)
Confirm with . or Enter, or press ? or * to list all spells.
You conjure some foxfire!
Something hits you.
The foxfire hits something. x2; Something hits you!
Casting: Foxfire (safe; 6% risk of failure)
Confirm with . or Enter, or press ? or * to list all spells.
You conjure some foxfire!
The foxfire hits something. x2; Something hits you.
* * * LOW HITPOINT WARNING * * *
Casting: Foxfire (safe; 6% risk of failure)
Confirm with . or Enter, or press ? or * to list all spells.
You conjure some foxfire!
Something hits you!
You die...

....###
......
..# S...#
#.# ...#
#.# .S#
#.# #{#
#.#
#v#####.#
#@v.....#
####....#
#.##.#
#.##.#
#.##.#
#.##>#
#.##.#
.#..
#.##.#
...#
#.##.#


You could see an adder.

Vanquished Creatures
  An adder (D:2)
  4 endoplasms (D:1)
  4 goblins (D:1)
  6 hobgoblins (D:1)
  3 quokkas (D:1)
  3 ball pythons (D:1)
  4 bats (D:1)
  5 kobolds (D:1)
  4 rats
34 creatures vanquished.

Vanquished Creatures (others)
  94 foxfires
94 creatures vanquished.

Grand Total: 128 creatures vanquished

Notes
Turn   | Place    | Note
-------+----------+-------------------------------------------
     0 | D:1      | funkygono the Demonspawn Fire Elementalist began the quest
                  | for the Orb.
     0 | D:1      | Reached XP level 1. HP: 13/13 MP: 3/3
   117 | D:1      | Reached skill level 3 in Fire Magic
   314 | D:1      | Gained mutation: You have a somewhat thin skeletal
                  | structure. (Dex +2, Stealth+) [demonic ancestry]
   314 | D:1      | Reached XP level 2. HP: 19/19 MP: 3/5
   317 | D:1      | Learned a level 2 spell: Scorch
   955 | D:1      | Reached XP level 3. HP: 24/24 MP: 1/6
  1712 | D:2      | HP: 1/24 [poisoned by an adder]
  1827 | D:2      | Noticed Sigmund
  1838 | D:2      | Slain by Sigmund

Illustrated notes

Levels and vault maps discovered:
D:1:      dpeg_arrival_subterranean_lakeside_camping, layout_basic,
          minmay_hexomino_f4
D:2:      minmay_razor_zed, layout_loops_ring, chequers_ecumenical_altar_simple,
          uniq_sigmund

Skill      XL: |  1 |
---------------+----+-----
Fire Magic     | 3 |  3.6
Maces & Flails | |  0.1
Dodging        | |  1.9
Stealth        | |  1.7
Spellcasting   | |  2.4
Conjurations   | |  1.4

Action                   || total
-------------------------++-------
Melee: Club              ||    16
 Cast: Foxfire           ||    58
       Scorch            ||     2
Armor: Robe              ||     9
Dodge: Dodged            ||    19

Table legend: (Time is in decaauts)
 A = Elapsed time spent in this place.
 B = Non-inter-level travel time spent in this place.
 C = Inter-level travel time spent in this place.
 D = Time resting spent in this place.
 E = Time spent auto-exploring this place.
 F = Levels seen in this place.
 G = Mean time per level.
                   A        B        C        D        E       F      G
               +--------+--------+--------+--------+--------+-----+--------+
         Total |   1842 |   1823 |     19 |      0 |   1584 |   2 |  921.0 |
       Dungeon |   1842 |   1823 |     19 |      0 |   1584 |   2 |  921.0 |
               +--------+--------+--------+--------+--------+-----+--------+

Top non-repeatable levels by time:
     D:1: 1628 daAuts
     D:2: 214 daAuts
